 Dungeon Crawl Stone Soup version 0.23-a0-338-g8ff0b24 (webtiles) character file.

39900 MisterFreud the Severer (level 13, -3/102 HPs)
             Began as a Deep Dwarf Fighter on Oct 18, 2018.
             Was a High Priest of Makhleb.
             Killed by divine providence
             ... invoked by a balrug
             ... summoned by the player character
              (9 damage)
             ... on level 6 of the Lair of Beasts.
             The game lasted 00:39:23 (12643 turns).

MisterFreud the Severer (Deep Dwarf Fighter)       Turns: 12643, Time: 00:39:24

Health: -3/102     AC: 18    Str: 26    XL:     13   Next: 71%
Magic:  0/11       EV: 10    Int:  8    God:    Makhleb [*****.]
Gold:   598        SH: 14    Dex: 12    Spells: 12/12 levels left

rFire    . . .     SeeInvis +   a - +1 war axe
rCold    . . .     Gourm    .   c - +0 shield
rNeg     . . .     Faith    .   b - +0 scale mail
rPois    .         Spirit   +   F - +2 helmet of the Ant {rElec SInv}
rElec    +         Reflect  .   A - +0 cloak
rCorr    .         Harm     .   (no gloves)
MR       ++...                  y - +0 pair of boots
Stlth    ..........             u - amulet of guardian spirit
HPRegen  0.00/turn              L - +3 ring of protection
MPRegen  0.12/turn              B - ring of protection from magic

@: about to teleport, non-regenerating
A: damage resistance, heal wounds, sense surroundings 2, no regeneration
a: Heal Wounds, Minor Destruction, Lesser Servant of Makhleb, Major Destruction,
Greater Servant of Makhleb, Renounce Religion


You were on level 6 of the Lair of Beasts.
You worshipped Makhleb.
Makhleb was extremely pleased with you.
You were not hungry.

You visited 3 branches of the dungeon, and saw 17 of its levels.

You collected 778 gold pieces.
You spent 180 gold pieces at shops.

Inventory:

Hand Weapons
 a - a +1 war axe (weapon)
Missiles
 e - 8 tomahawks
 h - 421 stones (quivered)
 i - 266 arrows
 k - 39 bolts
 q - 75 sling bullets
 z - 16 needles of sleeping
 H - 31 poisoned needles
 U - 4 needles of frenzy
Armour
 b - a +0 scale mail (worn)
 c - a +0 shield (worn)
 y - a +0 pair of boots (worn)
 A - a +0 cloak (worn)
 F - the +2 helmet of the Ant (worn) {rElec SInv}
   (You found it on level 3 of the Lair of Beasts)

   It insulates you from electricity.
   It lets you see invisible.
 X - the +2 ring mail "Ylubbev" {rElec Int-4 Dex+8 Stlth+}
   (You found it on level 5 of the Lair of Beasts)

   It affects your intelligence (-4).
   It affects your dexterity (+8).
   It insulates you from electricity.
   It makes you more stealthy.
Jewellery
 u - an amulet of guardian spirit (around neck)
 B - a ring of protection from magic (right hand)
 E - an uncursed amulet of harm {unknown}
 L - a +3 ring of protection (left hand)
Wands
 m - a wand of flame (15)
 t - a wand of iceblast (11)
 C - a wand of acid (14)
 D - a wand of random effects (18)
 G - a wand of polymorph (6)
 V - a wand of paralysis (14)
Scrolls
 g - 12 scrolls of teleportation
 s - 7 scrolls of remove curse
 w - 4 scrolls of enchant weapon
 J - a scroll of amnesia
 K - 2 scrolls of fog
 O - a scroll of enchant armour {unknown}
 P - a scroll of holy word
 Q - 3 scrolls of magic mapping
 T - a scroll of identify
 Y - a scroll of blinking
Potions
 d - 4 potions of might
 j - 5 potions of heal wounds
 l - 2 potions of curing
 n - 3 potions of berserk rage
 o - 2 potions of haste {unknown}
 p - 3 potions of agility
 r - 2 potions of flight
 v - a potion of invisibility
 x - 2 potions of brilliance
 I - a potion of cancellation
 M - a potion of lignification
 N - a potion of mutation
 R - a potion of resistance {unknown}
 S - a potion of ambrosia {unknown}
Miscellaneous
 W - a box of beasts
Comestibles
 f - 21 rations
 Z - 4 chunks of flesh


   Skills:
 - Level 2.6 Fighting
 + Level 16.8 Axes
 - Level 10.0 Armour
 - Level 15.0 Shields
 - Level 4.1 Invocations
 - Level 8.0 Evocations


You had 12 spell levels left.
You didn't know any spells.
Your spell library contained the following spells:

 Spells                   Type           Power        Failure   Level  Hunger
 Magic Dart               Conj           #...         65%         1    ##.....
 Sting                    Conj/Pois      #...         65%         1    ##.....
 Summon Small Mammal      Summ           #...         65%         1    ##.....
 Blink                    Tloc           N/A          78%         2    ###....
 Call Imp                 Summ           #.......     78%         2    ###....
 Poisonous Vapours        Pois/Air       #.....       78%         2    ###....
 Slow                     Hex            #.......     78%         2    ###....
 Call Canine Familiar     Summ           #.......     95%         3    ####...
 Conjure Flame            Conj/Fire      #.......     95%         3    ####...
 Mephitic Cloud           Conj/Pois/Air  #.......     95%         3    ####...
 Summon Guardian Golem    Hex/Summ       #.......     95%         3    ####...
 Olgreb's Toxic Radiance  Pois           #.......     100%        4    #####..
 Summon Ice Beast         Ice/Summ       #.......     100%        4    #####..
 Summon Lightning Spire   Summ/Air       #.......     100%        4    #####..
 Venom Bolt               Conj/Pois      #.........   100%        5    ######.


Dungeon Overview and Level Annotations

Branches:
Dungeon (10/15)            Temple (1/1) D:4            Lair (6/6) D:10
 Shoals (0/4) Lair:3        Snake (0/4) Lair:2
  Slime: Lair:5-6       Orc: D:9-12

Altars:
Ashenzari
Cheibriados
Dithmenos
Elyvilon
Fedhas
Gozag
Hepliaklqana
Kikubaaqudgha
Makhleb
Nemelex Xobeh
Okawaru
Qazlal
Ru
Sif Muna
Trog
Uskayaw
Vehumet
Wu Jian
Xom
Yredelemnul
Zin
The Shining One

Shops:
D:4 !?   D:8 =

Annotations:
D:10 1 runed door, Nattefrost's ghost, novice DrEE
Lair:2 3 runed doors, Cycubueb's ghost, journeyman MiFi


Innate Abilities, Weirdness & Mutations

You are resistant to damage.
You can heal yourself by infusing magical energy.
You passively map the area around you.
You do not regenerate.


Message History

You hit the death yak.
The death yak is lightly wounded.
You hit the manticore. The manticore bites you!
* * * LOW HITPOINT WARNING * * *
You block the manticore's attack. The manticore closely misses you.
The death yak gores you but does no damage.
A demon appears!
It doesn't seem very happy.
You block the manticore's attack. x2
The manticore claws you but does no damage.
You block the death yak's attack.
Some of the chunks of flesh in your inventory have rotted away.
As you read the scroll of teleportation, it crumbles to dust.
You feel strangely unstable. The manticore barely misses you.
The manticore claws you but does no damage. x2
The death yak gores you!
* * * LOW HITPOINT WARNING * * *
The balrug gestures at you. Makhleb smites you!
You die...

#.#[......#.............## ##.
##......##..............# P..
#.......###.............# ##..
#.......#≈≈.###..##..#### ##.
#.P......#..# ######## ##
#P.........#####...### * *
#....†...###.........### , ,
##...†..#####..........### *
##......##.....#@###.....## ,,
, #.....P###.....#HY........#
, ##....P##...÷.##..2#.....###
,,
#P.....##..#...#...#...###/##*
,
##.....###...########HY.....#
###...##..#.....##Pwk#.#...#
,,,
#....##........##.........# ,
###..÷..#......###....##### ,
####.P..#........###..... ,,
,,


You could see a death yak, a balrug and a manticore.

Vanquished Creatures
  Rupert (Lair:5)
  A hydra (Lair:2)
  A death yak (Lair:6)
  Pikel (D:6)
  A wolf spider (Lair:6)
  5 black mambas
  11 elephants
  A torpor snail (Lair:4)
  17 spiny frogs
  4 rime drakes
  3 komodo dragons
  2 trolls (D:10)
  A hornet (D:9)
  4 dream sheep (Lair:6)
  3 blink frogs (Lair:1)
  12 hippogriffs
  4 wyverns
  49 yaks
  2 fire bats (Lair:6)
  Menkaure (D:6)
  6 basilisks
  4 nagas (Lair:2)
  Edmund (D:4)
  An acid dragon (Lair:6)
  13 porcupines
  17 water moccasins
  4 orc warriors
  2 black bears
  2 sky beasts
  2 ice beasts
  3 slaves (D:6)
  An eye of draining (D:10)
  A phantom (D:10)
  5 ogres
  7 centaurs
  6 crocodiles
  30 wolves
  Blork the orc (D:6)
  10 bullfrogs
  2 scorpions
  A water moccasin skeleton (D:6)
  A killer bee (D:10)
  2 crimson imps
  8 hounds
  2 jellies
  An orc wizard (D:8)
  2 orc priests (D:6)
  Crazy Yiuf (D:2)
  4 centaur skeletons
  2 bullfrog skeletons
  4 iguanas
  7 worker ants
  A hound skeleton (D:7)
  2 worker ant zombies
  10 adders
  2 shadow imps
  An ooze (D:4)
  3 adder skeletons
  An adder zombie (D:8)
  4 worms (D:2)
  4 leopard geckos
  36 orcs
  6 giant cockroaches
  6 hobgoblins
  6 quokkas
  9 bats
  6 frilled lizards
  A giant cockroach zombie (D:5)
  7 goblins
  7 kobolds
  A leopard gecko zombie (D:6)
  3 rats (D:2)
  3 fungi
  A plant (Lair:1)
397 creatures vanquished.

Vanquished Creatures (others)
  A slave (D:6)
  9 fungi
  6 plants
16 creatures vanquished.

Grand Total: 413 creatures vanquished

Notes
Turn   | Place    | Note
-------+----------+-------------------------------------------
     0 | D:1      | MisterFreud the Deep Dwarf Fighter began the quest for the
                  | Orb.
     0 | D:1      | Reached XP level 1. HP: 20/20 MP: 1/1
   213 | D:1      | Reached skill level 3 in Axes
   224 | D:1      | Reached XP level 2. HP: 21/27 MP: 2/2
   714 | D:2      | Reached skill level 4 in Axes
   714 | D:2      | Reached XP level 3. HP: 20/33 MP: 3/3
   733 | D:2      | Found a sparkling altar of Nemelex Xobeh.
   851 | D:2      | Found a deep blue altar of Sif Muna.
   851 | D:2      | Found a glowing silver altar of Zin.
   854 | D:2      | Found a shattered altar of Ashenzari.
   854 | D:2      | Found a glowing golden altar of the Shining One.
   885 | D:2      | Found a blossoming altar of Fedhas.
  1172 | D:2      | Reached XP level 4. HP: 12/40 MP: 0/4
  1327 | D:2      | Found a runed door.
  1425 | D:2      | Reached skill level 5 in Axes
  1547 | D:2      | Noticed Crazy Yiuf
  1555 | D:2      | Killed Crazy Yiuf
  1652 | D:3      | Found a snail-covered altar of Cheibriados.
  1794 | D:3      | Reached XP level 5. HP: 30/46 MP: 0/4
  2410 | D:4      | Reached skill level 6 in Axes
  2416 | D:4      | Noticed Edmund
  2559 | D:4      | Killed Edmund
  2559 | D:4      | Reached skill level 7 in Axes
  2559 | D:4      | Reached XP level 6. HP: 43/55 MP: 5/5
  2652 | D:4      | Found Joataf's Distillery.
  2661 | D:4      | Found Saer's Magic Scroll Shop.
  2664 | D:4      | Bought a potion of might for 40 gold pieces
  2664 | D:4      | Bought a potion of might for 40 gold pieces
  2664 | D:4      | Bought a potion of heal wounds for 50 gold pieces
  2664 | D:4      | Bought a potion of heal wounds for 50 gold pieces
  2803 | D:4      | Found a staircase to the Ecumenical Temple.
  2808 | Temple   | Entered the Ecumenical Temple
  2998 | D:5      | Entered Level 5 of the Dungeon
  3134 | D:5      | Reached skill level 8 in Axes
  3178 | D:5      | Reached XP level 7. HP: 28/61 MP: 6/6
  3436 | D:5      | Found an iron altar of Okawaru.
  3706 | D:6      | Found an iron altar of Okawaru.
  3734 | D:6      | Reached skill level 9 in Axes
  3734 | D:6      | Reached skill level 5 in Shields
  3758 | D:6      | Reached XP level 8. HP: 47/68 MP: 0/7
  3962 | D:6      | Noticed Menkaure
  3975 | D:6      | Noticed Pikel
  3976 | D:6      | Killed Menkaure
  3976 | D:6      | Reached skill level 10 in Axes
  3995 | D:6      | Killed Pikel
  3995 | D:6      | Reached skill level 5 in Armour
  4103 | D:6      | Gained mutation: You passively map the area around you.
                  | [Deep Dwarf growth]
  4103 | D:6      | Reached XP level 9. HP: 35/74 MP: 0/7
  4282 | D:6      | Noticed Blork the orc
  4289 | D:6      | Killed Blork the orc
  4611 | D:7      | Found a basalt altar of Yredelemnul.
  4737 | D:7      | Found a radiant altar of Vehumet.
  4955 | D:7      | Found a white marble altar of Elyvilon.
  5346 | D:8      | Found Tievviam's Jewellery Emporium.
  5499 | D:8      | Found a burning altar of Makhleb.
  5512 | D:8      | Became a worshipper of Makhleb the Destroyer
  5786 | D:9      | Reached skill level 11 in Axes
  6250 | D:9      | Reached XP level 10. HP: 40/81 MP: 0/6
  6259 | D:9      | Reached * piety under Makhleb
  6432 | D:10     | Entered Level 10 of the Dungeon
  6465 | D:9      | Reached skill level 12 in Axes
  6608 | D:10     | Found a runed door.
  6608 | D:10     | Noticed a fire crab
  6608 | D:10     | Noticed Nattefrost's ghost (novice DrEE)
  6759 | D:10     | Reached skill level 10 in Shields
  6795 | D:10     | Found a staircase to the Lair.
  6870 | D:10     | Reached ** piety under Makhleb
  7112 | Lair:1   | Entered Level 1 of the Lair of Beasts
  7247 | Lair:1   | Noticed a black mamba
  7267 | Lair:1   | Killed a black mamba
  7268 | Lair:1   | Noticed a spiny frog
  7285 | Lair:1   | Killed a spiny frog
  7285 | Lair:1   | Reached XP level 11. HP: 40/88 MP: 0/8
  7332 | Lair:1   | HP: 2/88 [spiny frog (7)]
  8017 | Lair:1   | Reached skill level 13 in Axes
  8105 | Lair:2   | Reached *** piety under Makhleb
  8114 | Lair:2   | Reached skill level 10 in Armour
  8149 | Lair:2   | Found a staircase to the Snake Pit.
  8372 | Lair:2   | Noticed a six-headed hydra
  8377 | Lair:2   | Killed a six-headed hydra
  8512 | Lair:2   | Reached skill level 1 in Evocations
  8542 | Lair:2   | Found a sparkling altar of Nemelex Xobeh.
  8610 | Lair:2   | Found a runed gate.
  8611 | Lair:2   | Found a runed gate.
  8619 | Lair:2   | Found a runed gate.
  8620 | Lair:2   | Noticed a 13-headed hydra
  8624 | Lair:2   | Noticed a nine-headed hydra
  8625 | Lair:2   | Noticed Cycubueb's ghost (journeyman MiFi)
  8972 | Lair:3   | Reached XP level 12. HP: 58/96 MP: 0/8
  9082 | Lair:3   | Noticed a four-headed hydra
  9082 | Lair:3   | Noticed a five-headed hydra
  9131 | Lair:3   | Reached **** piety under Makhleb
  9136 | Lair:3   | Reached skill level 14 in Axes
  9264 | Lair:3   | Reached skill level 5 in Evocations
  9684 | Lair:3   | Found a staircase to the Shoals.
  9773 | Lair:3   | Got a twisted helmet
  9784 | Lair:3   | Identified the +2 helmet of the Ant {rElec SInv} (You found
                  | it on level 3 of the Lair of Beasts)
 10721 | Lair:5   | Noticed Rupert
 10762 | Lair:5   | Killed Rupert
 10762 | Lair:5   | Reached skill level 15 in Axes
 11141 | Lair:5   | Reached XP level 13. HP: 75/102 MP: 0/12
 11258 | Lair:5   | Reached ***** piety under Makhleb
 11596 | Lair:5   | Got an encrusted ring mail
 11615 | Lair:5   | Identified the +2 ring mail "Ylubbev" {rElec Int-4 Dex+8
                  | Stlth+} (You found it on level 5 of the Lair of Beasts)
 11667 | Lair:6   | Entered Level 6 of the Lair of Beasts
 12215 | Lair:6   | Reached skill level 16 in Axes
 12288 | Lair:6   | Reached skill level 15 in Shields
 12641 | Lair:6   | Noticed a balrug
 12643 | Lair:6   | Killed from afar by a balrug

Vault maps used:
D:1:      nagdon_arrival_zigzag_paths, minmay_box_of_dots
D:2:      minmay_diamond_boxcup, nemelex_xobeh_ov_fountains_minmay,
          grunt_temple_overflow_open, lemuel_round_altar,
          uniq_crazy_yiuf_cottage
D:3:      marbit_many_paths
D:4:      minmay_temple_entry_glassed_door, serial_shops, nicolae_shop_crystal,
          nicolae_shop_waterfront, first_ration, uniq_edmund
D:5:      okawaru_ov_weapons_minmay
D:6:      basic_altar, uniq_blork_the_orc, uniq_menkaure, uniq_pikel
D:7:      kennysheep_ying_yang, vehumet_altar_wand_db
D:8:      lemuel_doored_altar, serial_shops, shop
D:10:     erik_lair_island, ebering_ghost_inner_flame
Temple:   jpeg_temple_clearing
Lair:1:   serial_bayou_shore_b, grunt_megastairs_3, infiniplex_staircase_pool_2
Lair:2:   cheibrodos_lair_river_kwai, minmay_snake_entry_guardpost_small,
          gammafunk_ghost_hydra_chop, basic_altar, columned_hall_lemuel,
          minmay_holes
Lair:3:   minmay_shoals_entry_centaurs, beast_lair_carwin_4
Lair:5:   minivault_24, uniq_rupert
Lair:6:   hangedman_lair_in_review, guppyfry_lair_end_dragon, slime_altar_2

Skill      XL: |  1  2  3  4  5  6  7  8  9 10 11 12 13 |
---------------+----------------------------------------+-----
Axes           | 3 4 5 7 8 9 10 11 12 13 15 16 | 16.8
Shields        | 5 7 8 10 12 13 15 | 15.0
Armour         | 5 8 9 10 | 10.0
Invocations    | 4 |  4.1
Evocations     | 3 8 |  8.0
Fighting       | |  2.6

Action                   |  1- 3 |  4- 6 |  7- 9 | 10-12 | 13-15 || total
-------------------------+-------+-------+-------+-------+-------++-------
Melee: War axe           |   114 |   303 |   433 |   995 |   377 ||  2222
Throw: Throwing net      |       |     1 |       |       |       ||     1
       Stone             |       |       |     5 |       |       ||     5
Invok: Greater Servant o |       |       |       |       |     1 ||     1
 Abil: Heal Wounds       |       |     4 |    14 |     7 |     5 ||    30
Evoke: Wand              |       |       |       |    10 |       ||    10
  Use: Scroll            |       |    13 |     5 |     5 |     3 ||    26
       Potion            |       |       |       |     3 |     2 ||     5
 Stab: Held in net/web   |       |     1 |       |       |       ||     1
  Eat: Chunk             |     1 |     7 |    11 |    17 |     5 ||    41
Armor: Scale mail        |    58 |   122 |   122 |   371 |   192 ||   865
Dodge: Dodged            |    37 |    81 |   108 |   318 |   126 ||   670
Block: Shield            |    59 |   139 |   186 |   636 |   305 ||  1325

Table legend:
 A = Non-vault XP
 B = Vault XP
 C = Vault XP percentage of total XP
 D = Non-vault monster count
 E = Vault monster count
 F = Vault count percentage of total count
                 A         B        C        D         E       F
            +---------+---------+-------+---------+---------+-------
      Total |   43514 |   13486 |  23.7 |     331 |      59 |  15.1
            +---------+---------+-------+---------+---------+-------
        D:1 |       9 |       7 |  43.8 |       4 |       5 |  55.6
        D:2 |      99 |      57 |  36.5 |      24 |       8 |  25.0
        D:3 |      40 |       2 |   4.8 |      10 |       1 |   9.1
        D:4 |     201 |     158 |  44.0 |      12 |       1 |   7.7
        D:5 |     552 |       0 |   0.0 |      13 |       0 |   0.0
        D:6 |     945 |     954 |  50.2 |      25 |       3 |  10.7
        D:7 |     426 |       1 |   0.2 |      15 |       1 |   6.2
        D:8 |     889 |       0 |   0.0 |      15 |       0 |   0.0
        D:9 |    1663 |       0 |   0.0 |      20 |       0 |   0.0
       D:10 |    2436 |     769 |  24.0 |      32 |       7 |  17.9
     Lair:1 |    5129 |     645 |  11.2 |      22 |       3 |  12.0
     Lair:2 |    2756 |    3247 |  54.1 |      16 |      12 |  42.9
     Lair:3 |    6483 |     691 |   9.6 |      25 |       6 |  19.4
     Lair:4 |    4282 |       0 |   0.0 |      20 |       0 |   0.0
     Lair:5 |    4041 |    2829 |  41.2 |      19 |       1 |   5.0
     Lair:6 |   13563 |    4126 |  23.3 |      59 |      11 |  15.7
            +---------+---------+-------+---------+---------+-------
